 Dungeon Crawl Stone Soup version 0.30.0 (webtiles) character file.

Game seed: 4055994724611435068

19 PiratePeteNZ the Trooper (level 2, 0/27 HPs)
             Began as a Hill Orc Fighter on May 20, 2023.
             Slain by a cerulean imp
             ... wielding a +0 spear
             ... summoned by Natasha
              (2 damage)
             ... on level 2 of the Dungeon.
             The game lasted 00:02:33 (994 turns).

PiratePeteNZ the Trooper (Hill Orc Fighter)          Turns: 994, Time: 00:02:34

Health: 0/27       AC:  8    Str: 18    XL:     2   Next: 75%
Magic:  2/2        EV:  9    Int:  8    God:
Gold:   75         SH:  4    Dex: 10    Spells: 1/1 levels left

rFire   . . .        a - +0 war axe
rCold   . . .        c - +0 buckler
rNeg    . . .        b - +0 scale mail
rPois   .            (no helmet)
rElec   .            h - +0 cloak
rCorr   .            (no gloves)
SInv    .            (no boots)
Will    .....        (no amulet) Stlth
                     (no ring)
HPRegen 0.24/turn    (no ring)
MPRegen 0.08/turn

%: no passive effects
@: no status effects
A: no striking features
a: no special abilities


You were on level 2 of the Dungeon.
You visited 1 branch of the dungeon, and saw 2 of its levels.

You collected 75 gold pieces.

Inventory:

Hand Weapons
 a - a +0 war axe (weapon)
Armour
 b - a +0 scale mail (worn)
 c - a +0 buckler (worn)
 h - a +0 cloak (worn)
Scrolls
 e - 2 scrolls of magic mapping {unknown}
 f - a scroll of acquirement {unknown}
 i - a scroll of amnesia {unknown}
 j - a scroll of immolation {unknown}
 l - a scroll of identify {unknown}
Potions
 d - a potion of might
 k - a potion of curing {unknown}
 m - a potion of haste {unknown}


   Skills:
 + Level 4.0 Fighting
 + Level 3.2 Axes
 + Level 3.5 Armour
 + Level 3.6 Shields


You had one spell level left.
You didn't know any spells.
Your spell library was empty.

Dungeon Overview and Level Annotations

Branches:
Dungeon (2/15)

Altars:

Annotations:
D:2 Natasha


Message History

The ball python closely misses you. The ball python constricts you.
Natasha drinks a potion.
Natasha seems to grow stronger.
You closely miss the ball python.
The ball python bites you but does no damage.
The ball python constricts you. You block the cerulean imp's attack.
Natasha casts a spell.
The cerulean imp hits you but does no damage.
You block the ball python's attack. The ball python constricts you.
You barely miss the ball python. The ball python barely misses you.
The ball python constricts you.
The cerulean imp hits you from afar with a +2 spear.
Natasha mumbles some strange words.
You feel troubled.
You slash the ball python!
You kill the ball python!
The cerulean imp hits you from afar with a +2 spear.
You slash Natasha!
Natasha is severely wounded.
The cerulean imp hits you but does no damage.
You block Natasha's attack. The cerulean imp barely misses you.
The cerulean imp hits you but does no damage.
Natasha claws you!
* * * LOW HITPOINT WARNING * * *
You hit Natasha but do no damage.
Natasha is severely wounded.
The cerulean imp barely misses you.
The cerulean imp hits you from afar with a +2 spear.
* * * LOW HITPOINT WARNING * * *
Natasha claws you but does no damage. You block the cerulean imp's attack.
You closely miss Natasha.
Natasha is severely wounded.
You block the cerulean imp's attack. Natasha barely misses you.
The cerulean imp hits you but does no damage.
You barely miss Natasha.
Natasha is severely wounded.
The cerulean imp hits you but does no damage.
Natasha claws you.
* * * LOW HITPOINT WARNING * * *
The cerulean imp hits you from afar with a +0 spear.
You die...

## .## ..###
##....# #@.#
######h####
#....55w..#
#.........#
#....<....#
#.........#
#............
#.........###
#.........#


You could see a worm, Natasha (strong) and 2 cerulean imps.

Vanquished Creatures
  A dart slug (D:1)
  An endoplasm (D:1)
  A goblin (D:1)
  2 ball pythons
  A bat (D:1)
  2 frilled lizards (D:1)
  6 kobolds (D:1)
  5 rats (D:1)
19 creatures vanquished.

Notes
Turn   | Place    | Note
-------+----------+-------------------------------------------
     0 | D:1      | PiratePeteNZ the Hill Orc Fighter began the quest for the
                  | Orb.
     0 | D:1      | Reached XP level 1. HP: 19/19 MP: 1/1
   276 | D:1      | Reached XP level 2. HP: 27/27 MP: 2/2
   673 | D:1      | Reached skill level 4 in Fighting
   977 | D:2      | Noticed Natasha
   994 | D:2      | Slain by a cerulean imp

Illustrated notes

Levels and vault maps discovered:
D:1:      elethiomel_arrival_infinity_welcomes_careful_drivers, layout_basic,
          minmay_hexomino_p4
D:2:      layout_rooms, uniq_natasha

Skill      XL: |  1  2 |
---------------+-------+-----
Axes           | 3 |  3.2
Fighting       | 4 |  4.0
Armour         | |  3.5
Shields        | |  3.6

Action                     || total
---------------------------++-------
  Melee: War axe           ||    46
  Throw: Dart              ||     4
 Armour: Scale mail        ||    21
  Dodge: Dodged            ||    20
  Block: Buckler           ||    14
